 Dungeon Crawl Stone Soup version 0.29.1-1-gd02db6906a (webtiles) character file.

Game seed: 9891793927671485675

256 LustLizard the Slasher (level 6, -3/48 HPs)
             Began as a Human Fighter on Oct 4, 2022.
             Slain by a black bear (4 damage)
             ... on level 4 of the Dungeon.
             The game lasted 00:04:50 (3860 turns).

LustLizard the Slasher (Human Fighter)              Turns: 3860, Time: 00:04:50

Health: -3/48      AC: 11    Str: 16    XL:     6   Next: 38%
Magic:  6/6        EV:  8    Int:  8    God:
Gold:   62         SH:  5    Dex: 15    Spells: 3/5 levels left

rFire   . . .      SeeInvis .   a - +0 long sword
rCold   . . .      Faith    .   c - +0 buckler
rNeg    . . .      Spirit   .   b - +0 scale mail
rPois   .          Reflect  .   (no helmet)
rElec   .          Harm     .   (no cloak)
rCorr   +          Rampage  .   (no gloves)
Will    .....                   (no boots)
Stlth   ..........              (no amulet)
HPRegen 0.16/turn               m - ring of resist corrosion
MPRegen 0.10/turn               o - +4 ring of protection

@: no status effects
A: no striking features
a: no special abilities


You were on level 4 of the Dungeon.
You visited 1 branch of the dungeon, and saw 4 of its levels.

You collected 102 gold pieces.
You spent 40 gold pieces at shops.

Inventory:

Hand Weapons
 a - a +0 long sword (weapon)
Armour
 b - a +0 scale mail (worn)
 c - a +0 buckler (worn)
Jewellery
 m - a ring of resist corrosion (left hand)
 o - a +4 ring of protection (right hand)
 p - a +4 ring of protection
Scrolls
 f - a scroll of fear {unknown}
 g - a scroll of teleportation
 h - a scroll of amnesia {unknown}
 i - a scroll of noise
 k - a scroll of vulnerability
 n - a scroll of blinking
 q - 2 scrolls of immolation {unknown}
 s - a scroll of torment {unknown}
 u - a scroll of magic mapping {unknown}
 v - a scroll of identify
Potions
 d - 4 potions of might
 e - a potion of attraction {unknown}
 j - 2 potions of heal wounds
 l - a potion of ambrosia
 r - a potion of brilliance {unknown}
 t - a potion of curing {unknown}


   Skills:
 + Level 3.8 Fighting
 * Level 4.0 Long Blades
 + Level 3.8 Armour
 + Level 3.7 Shields
 * Level 2.0 Translocations


You had 3 spell levels left.
You knew the following spells:

 Your Spells              Type           Power      Damage    Failure   Level
a - Blink                 Tloc           6%         N/A       78%         2

Your spell library contained the following spells:

 Spells                   Type           Power      Damage    Failure   Level
 Magic Dart               Conj           0%         1d3       89%         1
 Call Imp                 Summ           0%         N/A       96%         2
 Ensorcelled Hibernation  Hex/Ice        0%         N/A       96%         2
 Passwall                 Tmut/Erth      0%         N/A       96%         2
 Mephitic Cloud           Conj/Pois/Air  0%         N/A       99%         3
 Swiftness                Air            0%         N/A       99%         3
 Manifold Assault         Tloc           3%         N/A       100%        5
 Storm Form               Tmut/Air       0%         N/A       100%        7


Dungeon Overview and Level Annotations

Branches:
Dungeon (4/15)
 Temple: D:4-7

Altars:
Nemelex Xobeh

Shops:
D:2 [   D:3 *


Message History

You slash the black bear!
The black bear is moderately wounded.
The black bear bites you but does no damage.
The black bear claws you but does no damage. x2
You hit the black bear.
The black bear is moderately wounded.
The black bear bites you.
The black bear claws you but does no damage.
The black bear barely misses you.
You hit the black bear.
The black bear is moderately wounded.
The black bear bites you.
The black bear claws you but does no damage.
The black bear claws you.
You slash the black bear!
The black bear is severely wounded.
The black bear closely misses you. The black bear barely misses you. x2
You barely miss the black bear.
The black bear is severely wounded.
You block the black bear's attack. The black bear claws you. x2
You block the black bear's attack.
The black bear claws you but does no damage.
The black bear claws you.
You hit the black bear.
The black bear is almost dead.
The black bear goes berserk!
You hit the black bear but do no damage.
The black bear is almost dead.
You block the black bear's attack. The black bear claws you.
* * * LOW HITPOINT WARNING * * *
The black bear claws you but does no damage.
The black bear bites you!
* * * LOW HITPOINT WARNING * * *
The black bear claws you but does no damage.
The black bear claws you.
* * * LOW HITPOINT WARNING * * *
You hit the black bear but do no damage.
The black bear is almost dead.
The black bear bites you.
You die...

#.. .# #.. .#
########## ## .#.
#........##. .###
#.....<.##.
#.####.##.#
.##....#†##### .#
#.....†..)#...#...#
#.......##$.@..#
#...#...###..h##
#.##.##.##.###.# #.
#. #.#.. ..# # ..
..#.. .# ##. ###!.
.# ##. . ## #.


You could see a black bear (berserk).

Vanquished Creatures
  2 jellies (D:4)
  An iguana (D:4)
  An orc wizard (D:4)
  3 gnolls (D:3)
  An adder (D:4)
  2 worms (D:4)
  4 dart slugs
  10 orcs
  10 ball pythons
  7 endoplasms
  3 giant cockroaches
  10 goblins
  9 hobgoblins
  3 quokkas
  8 bats
  3 frilled lizards (D:1)
  7 kobolds
  6 rats
90 creatures vanquished.

Notes
Turn   | Place    | Note
-------+----------+-------------------------------------------
     0 | D:1      | LustLizard the Human Fighter began the quest for the Orb.
     0 | D:1      | Reached XP level 1. HP: 18/18 MP: 1/1
    51 | D:1      | Reached XP level 2. HP: 24/24 MP: 2/2
   648 | D:1      | Reached XP level 3. HP: 27/29 MP: 3/3
  1825 | D:2      | Found Runaimi's Antique Armour Shoppe.
  2258 | D:3      | Reached skill level 3 in Long Blades
  2258 | D:3      | Reached XP level 4. HP: 35/35 MP: 4/4
  2340 | D:3      | Found Loisull's Assorted Antiques.
  2345 | D:3      | Bought a scroll labelled SEOGISCHEGARI for 20 gold pieces
  2345 | D:3      | Bought a scroll labelled ZANYGO XUPOES for 20 gold pieces
  2358 | D:3      | Learned a level 2 spell: Blink
  2673 | D:3      | Found a faded altar of an unknown god.
  2674 | D:3      | Noticed a golden eye
  2680 | D:3      | Noticed a floating eye
  2684 | D:3      | Noticed a shining eye
  2695 | D:3      | Found a sparkling altar of Nemelex Xobeh.
  2705 | D:3      | Reached XP level 5. HP: 28/41 MP: 5/5
  2995 | D:3      | Noticed a floating eye
  3222 | D:4      | Noticed a black bear
  3292 | D:4      | Reached skill level 1 in Translocations
  3516 | D:4      | Reached XP level 6. HP: 28/48 MP: 6/6
  3850 | D:4      | Reached skill level 4 in Long Blades
  3859 | D:4      | HP: 1/48 [black bear (6)]
  3860 | D:4      | Slain by a black bear

Illustrated notes

Levels and vault maps discovered:
D:1:      dpeg_arrival_connections, layout_basic
D:2:      layout_loops_corners, serial_shops, nicolae_shop_advertising_works
          [nicolae_subvault_shop_adworks], dk_vineyard_3, grunt_ministairs_9
D:3:      layout_loops_ring, old_standard_altar, serial_shops, shop,
          hellmonk_ecumenical_altar_watching_god
D:4:      nicolae_cairo_tiling, layout_loops_cross,
          hangedman_abyss_or_decor_stabs, grunt_tough_drop

Skill      XL: |  1  2  3  4  5  6 |
---------------+-------------------+-----
Long Blades    | 3 4 |  4.0
Translocations | 1 2 |  2.0
Fighting       | |  3.8
Armour         | |  3.8
Shields        | |  3.7

Action                   |  1- 3 |  4- 6 || total
-------------------------+-------+-------++-------
Melee: Long sword        |   127 |   163 ||   290
  Use: Scroll            |     2 |     4 ||     6
Armor: Scale mail        |    74 |    96 ||   170
Dodge: Dodged            |    65 |    72 ||   137
Block: Buckler           |    22 |    43 ||    65
